 Dungeon Sprint DCSS version 0.17-a0-1741-gd5e8965 (webtiles) character file.

13700000 ztt the Plane Walker (level 27, -34/273 HPs)
             Began as a Ghoul Warper on Aug 31, 2015.
             Was the Champion of Makhleb.
             Annihilated by a fleshlord
             ... wielding a +9 great mace
              (84 damage)
             ... in the Dungeon (Sprint VIII: "Arena of Blood").
             The game lasted 00:02:57 (137 turns).

ztt the Plane Walker (Ghoul Warper)                  Turns: 137, Time: 00:02:57

Health: -34/273    AC:  6    Str: 19    XL:     27
Magic:  36/53      EV: 32    Int:  8    God:    Makhleb [******]
Gold:   0          SH:  0    Dex: 17    Spells: 1 memorised, 79 levels left

rFire  . . .     SeeInvis +     l - +∞ Axe of Woe
rCold  + . .     Clarity  .     b - +0 leather armour
rNeg   + + +     SustAt   .     (no shield)
rPois  ∞         Gourm    .     (no helmet)
rElec  .         Spirit   .     (no cloak)
rCorr  .         Warding  .     (no gloves)
rMut   .         NoTele   +     (no boots)
MR     ++...                    (no amulet)
Stlth  +++++++++.               (no ring)
                                m - ring of see invisible

@: rotting, slowed, very slow, very resistant to hostile enchantments,
incredibly stealthy
A: rotting body, claws 1, carnivore 3, cold resistance 1, negative energy
resistance 3, slow healing 1, torment resistance, unbreathing
a: Minor Destruction, Lesser Servant of Makhleb, Major Destruction, Greater
Servant of Makhleb, Renounce Religion


You were in the Dungeon.
You worshipped Makhleb.
Makhleb was exalted by your worship.
You were not hungry.

You visited 1 branch

Inventory:

Hand weapons
 a - a +0 hand axe
 l - the +∞ Axe of Woe (weapon)
   (You found it in the Dungeon)
Missiles
 e - 5 tomahawks of dispersal (quivered)
Armour
 b - a +0 leather armour (worn)
Jewellery
 m - a ring of see invisible (left claw)
Scrolls
 d - 2 scrolls of blinking
Potions
 g - a potion of curing
 h - a potion of heal wounds
 i - a potion of haste
 j - 2 potions of magic
 k - a potion of berserk rage
Books
 c - a book of Spatial Translocations

   Spells                             Type                      Level
   a - Apportation                    Translocation                1
   b - Blink                          Translocation                2
   c - Shroud of Golubria             Charms/Translocation         2
   d - Portal Projectile              Translocation                3
   e - Teleport Other                 Translocation                3
   f - Passage of Golubria            Translocation                4
Comestibles
 f - a meat ration


   Skills:
 O Level 27 Fighting
 O Level 27 Axes
 O Level 27 Throwing
 O Level 27 Armour
 O Level 27 Dodging
 O Level 27 Stealth
 O Level 27 Unarmed Combat
 O Level 27 Spellcasting
 O Level 27 Translocations
 O Level 27 Invocations


You had 79 spell levels left.
You knew the following spells:

 Your Spells              Type           Power        Failure   Level  Hunger
a - Apportation           Tloc           ######....   0%          1    None


Dungeon Overview and Level Annotations

Branches:
Dungeon (1/1)

Altars:
Makhleb


Innate Abilities, Weirdness & Mutations

Your body is rotting away.
You thrive on raw meat.
You are immune to poison.
You have sharp fingernails.
You are carnivorous and can eat meat at any time.
Your flesh is cold resistant.
You are immune to negative energy.
You heal slowly when monsters are visible.
You are immune to unholy pain and torment.
You can survive without breathing.


Message History

You hear a shout!
A bag of meat comes into view. It is wielding a +9 war axe.
Unknown command.
Unknown command.
You hit the bag of meat but do no damage.
You cleave the bag of meat in twain.
You kill the bag of meat!
Makhleb accepts your kill.
You feel better.
You are engulfed in roaring flames.
The fleshlord points at you and mumbles some strange words.
You feel as though you will be slow longer.
The observer gazes at you.
The bolt of fire hits the fleshlord.
The fleshlord completely resists.
The bolt of fire misses you.
The bag of meat is engulfed in roaring flames.
The fleshlord hits you with a +9 great mace!!!!!
Ouch! That really hurt!
* * * LOW HITPOINT WARNING * * *
The fleshlord hits you with a +9 great mace!!!!
You die...

#o#z#oOo....)D).......
#W#ooOO2W.Oo.o......#
.#z#zOW.§)WDoW....##.
.#.#oOxO)#.WoMx...#..
....oWO2)))LoXS)..#.o.
#...oXO)##o#op........
##..Voo§ooWXX....%%...
..op####poox#.....####
#..§..)@poG.........
####..)§W.W..........
####.V§............
################


You could see an accursed, a tentacled monstrosity, a tyrant, an eight-headed
meat hydra, a destroyer, an observer (invisible), a scourge, 4 fleshlords, 2
large abominations, 2 wretched souls, 3 dreads, a small abomination and 13 bags
of meat.

Vanquished Creatures
  2 hell knights (D)
  Sigmund (D)
  14 hell beasts (D)
  7 greater mummies (D)
  5 great orbs of eyes (D)
  7 wraiths (D)
  Harold (D)
  15 vampire knights (D)
  57 ogres (D)
  5 liches (D)
  6 hydras (D)
  77 orcs (D)
  9 phantoms (D)
  13 hill giants (D)
  2 skeletal warriors (D)
  2 sea snakes (D)
  11 large abominations (D)
  8 small abominations (D)
  6 crawling corpses (D)
248 creatures vanquished.

Notes
Turn   | Place    | Note
--------------------------------------------------------------
     0 | D        | ztt the Ghoul Warper began the quest for the Orb.
     0 | D        | Reached XP level 1. HP: 17/17 MP: 2/2
     3 | D        | Noticed a bag of meat
     3 | D        | Noticed a bag of meat
     4 | D        | Killed a bag of meat
     4 | D        | Reached skill level 11 in Fighting
     4 | D        | Reached skill level 10 in Spellcasting
     4 | D        | Reached skill level 17 in Translocations
     4 | D        | Reached XP level 2. HP: 20/41 MP: 2/12
     4 | D        | Reached XP level 3. HP: 23/48 MP: 2/13
     4 | D        | Reached XP level 4. HP: 26/56 MP: 2/15
     4 | D        | Reached XP level 5. HP: 28/62 MP: 2/16
     4 | D        | Reached XP level 6. HP: 31/69 MP: 2/18
     4 | D        | Reached XP level 7. HP: 33/75 MP: 2/19
     4 | D        | Reached XP level 8. HP: 36/83 MP: 2/21
     4 | D        | Reached XP level 9. HP: 39/90 MP: 2/22
     4 | D        | Reached XP level 10. HP: 42/97 MP: 2/23
     4 | D        | Reached XP level 11. HP: 45/104 MP: 2/24
     4 | D        | Reached XP level 12. HP: 48/111 MP: 2/25
     5 | D        | Became a worshipper of Makhleb the Destroyer
     7 | D        | Killed a bag of meat
     7 | D        | Reached skill level 10 in Dodging
     7 | D        | Reached skill level 20 in Translocations
     7 | D        | Reached XP level 13. HP: 50/122 MP: 2/27
     8 | D        | Noticed a bag of meat
     9 | D        | Killed a bag of meat
     9 | D        | Acquired Makhleb's first power
     9 | D        | Reached skill level 5 in Throwing
     9 | D        | Reached skill level 21 in Translocations
     9 | D        | Reached XP level 14. HP: 100/133 MP: 3/29
    10 | D        | Noticed a bag of meat
    11 | D        | Killed a bag of meat
    11 | D        | Reached skill level 15 in Fighting
    11 | D        | Reached skill level 22 in Translocations
    13 | D        | Noticed a bag of meat
    13 | D        | Noticed a bag of meat
    13 | D        | Noticed a bag of meat
    14 | D        | Noticed a bag of meat
    14 | D        | Noticed a bag of meat
    14 | D        | Killed a bag of meat
    14 | D        | Acquired Makhleb's second power
    14 | D        | Reached skill level 23 in Translocations
    14 | D        | Reached XP level 15. HP: 107/145 MP: 4/32
    14 | D        | Killed a bag of meat
    14 | D        | Reached skill level 15 in Axes
    14 | D        | Reached skill level 15 in Spellcasting
    14 | D        | Reached skill level 24 in Translocations
    15 | D        | Noticed a meat berserker
    15 | D        | Noticed a bag of meat
    15 | D        | Noticed a bag of meat
    17 | D        | Noticed a meat berserker
    17 | D        | Noticed a meat berserker
    18 | D        | Noticed a bag of meat
    18 | D        | Noticed a bag of meat
    18 | D        | Noticed a bag of meat
    18 | D        | Noticed a bag of meat
    19 | D        | Noticed a bag of meat
    20 | D        | Noticed a bag of meat
    20 | D        | Noticed a bag of meat
    20 | D        | Noticed a bag of meat
    20 | D        | Noticed a bag of meat
    20 | D        | Noticed a bag of meat
    20 | D        | Noticed a bag of meat
    20 | D        | Noticed a bag of meat
    21 | D        | Noticed a bag of meat
    21 | D        | Noticed a meat berserker
    21 | D        | Noticed a large bag of meat
    21 | D        | Killed a bag of meat
    21 | D        | Acquired Makhleb's third power
    21 | D        | Reached skill level 25 in Translocations
    21 | D        | Reached XP level 16. HP: 153/157 MP: 6/34
    21 | D        | Killed a meat berserker
    21 | D        | Reached skill level 5 in Armour
    21 | D        | Reached skill level 15 in Dodging
    21 | D        | Reached skill level 27 in Translocations
    22 | D        | Noticed a large bag of meat
    22 | D        | Killed a meat berserker
    22 | D        | Acquired Makhleb's fourth power
    22 | D        | Reached XP level 17. HP: 145/176 MP: 6/38
    22 | D        | Noticed a bag of meat
    22 | D        | Noticed a bag of meat
    23 | D        | Noticed a bag of meat
    23 | D        | Noticed a bag of meat
    23 | D        | Noticed a destroyer
    23 | D        | Noticed a meat berserker
    23 | D        | Noticed a meat berserker
    23 | D        | Killed a meat berserker
    23 | D        | Reached XP level 18. HP: 79/189 MP: 6/40
    23 | D        | Killed a bag of meat
    23 | D        | Killed a bag of meat
    23 | D        | Acquired Makhleb's fifth power
    24 | D        | Noticed a meat berserker
    24 | D        | Noticed a bag of meat
    24 | D        | Noticed a bag of meat
    24 | D        | Killed a bag of meat
    25 | D        | Noticed a bag of meat
    25 | D        | Killed a bag of meat
    25 | D        | Reached skill level 10 in Throwing
    25 | D        | Reached XP level 19. HP: 145/204 MP: 7/43
    25 | D        | Killed a meat berserker
    25 | D        | Reached skill level 27 in Fighting
    25 | D        | Reached skill level 10 in Armour
    25 | D        | Killed a bag of meat
    25 | D        | Killed a bag of meat
    25 | D        | Reached skill level 27 in Axes
    25 | D        | Killed a bag of meat
    25 | D        | Reached XP level 20. HP: 216/216 MP: 7/48
    26 | D        | Noticed a destroyer
    26 | D        | Noticed a bag of meat
    26 | D        | Noticed a bag of meat
    26 | D        | Killed a bag of meat
    26 | D        | Killed a destroyer
    26 | D        | Reached skill level 15 in Throwing
    26 | D        | Reached skill level 27 in Dodging
    26 | D        | Reached skill level 27 in Spellcasting
    26 | D        | Killed a bag of meat
    26 | D        | Reached XP level 21. HP: 224/224 MP: 7/51
    27 | D        | Killed a bag of meat
    27 | D        | Killed a bag of meat
    28 | D        | Noticed a bag of meat
    28 | D        | Noticed a bag of meat
    28 | D        | Killed a bag of meat
    28 | D        | Killed a destroyer
    28 | D        | Reached skill level 27 in Armour
    28 | D        | Reached XP level 22. HP: 233/233 MP: 8/52
    28 | D        | Killed a bag of meat
    28 | D        | Killed a meat berserker
    28 | D        | Reached skill level 27 in Throwing
    29 | D        | Killed a bag of meat
    29 | D        | Reached skill level 10 in Stealth
    30 | D        | Noticed an eight-headed meat hydra
    30 | D        | Noticed a meat berserker
    30 | D        | Noticed an eight-headed meat hydra
    30 | D        | Killed a bag of meat
    30 | D        | Killed a bag of meat
    30 | D        | Reached skill level 15 in Unarmed Combat
    30 | D        | Reached skill level 15 in Invocations
    30 | D        | Reached XP level 23. HP: 240/240 MP: 8/53
    30 | D        | Killed a bag of meat
    30 | D        | Killed a meat berserker
    31 | D        | Killed a large bag of meat
    32 | D        | Noticed a bag of meat
    32 | D        | Noticed a sculptor of flesh
    32 | D        | Noticed a bag of meat
    32 | D        | Killed a bag of meat
    32 | D        | Killed a bag of meat
    32 | D        | Reached XP level 24. HP: 249/249 MP: 8/53
    32 | D        | Killed a bag of meat
    32 | D        | Killed a meat berserker
    32 | D        | Reached skill level 27 in Stealth
    32 | D        | Reached skill level 27 in Unarmed Combat
    32 | D        | Reached skill level 27 in Invocations
    33 | D        | Killed a bag of meat
    33 | D        | Killed a bag of meat
    34 | D        | Killed a meat berserker
    34 | D        | Killed a bag of meat
    34 | D        | Reached XP level 25. HP: 257/257 MP: 9/53
    35 | D        | Noticed a destroyer
    35 | D        | Noticed a destroyer
    36 | D        | Killed a bag of meat
    36 | D        | Killed a bag of meat
    36 | D        | Killed a large bag of meat
    37 | D        | Noticed The Servant
    37 | D        | Killed a sculptor of flesh
    37 | D        | Killed a bag of meat
    37 | D        | Killed a nine-headed meat hydra
    37 | D        | Killed a destroyer
    37 | D        | Reached XP level 26. HP: 266/266 MP: 10/53
    38 | D        | Noticed a destroyer
    39 | D        | Noticed a bag of meat
    39 | D        | Killed a bag of meat
    39 | D        | Killed a bag of meat
    39 | D        | Killed a bag of meat
    39 | D        | Killed a nine-headed meat hydra
    40 | D        | Killed a bag of meat
    40 | D        | Reached XP level 27. HP: 273/273 MP: 10/53
    41 | D        | Killed a destroyer
    43 | D        | Noticed an accursed
    46 | D        | Noticed a destroyer
    46 | D        | Noticed an accursed
    46 | D        | Noticed a tyrant
    47 | D        | Killed The Servant
    48 | D        | Noticed a meat berserker
    48 | D        | Killed a bag of meat
    48 | D        | Killed a destroyer
    48 | D        | Killed a destroyer
    50 | D        | Noticed an accursed
    50 | D        | Killed a tyrant
    50 | D        | Killed an accursed
    52 | D        | Killed a meat berserker
    53 | D        | Noticed a meat berserker
    54 | D        | Noticed an accursed
    54 | D        | Noticed a meat berserker
    55 | D        | Noticed a meat berserker
    56 | D        | Noticed an accursed
    56 | D        | Killed an accursed
    56 | D        | Killed an accursed
    57 | D        | Noticed a meat berserker
    57 | D        | Noticed a destroyer
    57 | D        | Noticed The Captor
    58 | D        | Killed a meat berserker
    59 | D        | Noticed a bag of meat
    59 | D        | Noticed a destroyer
    59 | D        | Killed a meat berserker
    60 | D        | Noticed a meat beast
    60 | D        | Noticed a sculptor of flesh
    60 | D        | Noticed a tyrant
    61 | D        | Noticed a tyrant
    62 | D        | Noticed a bag of meat
    62 | D        | Noticed a meat berserker
    62 | D        | Noticed a meat beast
    62 | D        | Killed a meat berserker
    62 | D        | Killed a meat beast
    62 | D        | Killed a destroyer
    62 | D        | Killed a meat berserker
    62 | D        | Killed a meat berserker
    63 | D        | Killed a meat beast
    64 | D        | Noticed a bag of meat
    64 | D        | Killed The Captor
    65 | D        | Noticed a bag of meat
    65 | D        | Noticed a bag of meat
    66 | D        | Noticed a bag of meat
    66 | D        | Noticed a meat beast
    66 | D        | Noticed a bag of meat
    66 | D        | Noticed a bag of meat
    66 | D        | Noticed a meat berserker
    67 | D        | Noticed a meat berserker
    67 | D        | Killed a destroyer
    68 | D        | Noticed a meat berserker
    68 | D        | Noticed a bag of meat
    68 | D        | Noticed a meat beast
    68 | D        | Noticed a meat beast
    69 | D        | Noticed a meat berserker
    69 | D        | Noticed a bag of meat
    69 | D        | Noticed a dread
    69 | D        | Killed a bag of meat
    69 | D        | Killed an accursed
    70 | D        | Noticed a bag of meat
    70 | D        | Noticed a bag of meat
    70 | D        | Noticed a dread
    70 | D        | Noticed a meat berserker
    70 | D        | Killed a tyrant
    70 | D        | Killed a meat beast
    71 | D        | Noticed a meat berserker
    71 | D        | Noticed a meat berserker
    71 | D        | Noticed a meat beast
    71 | D        | Noticed a meat berserker
    71 | D        | Noticed a meat berserker
    71 | D        | Noticed a meat berserker
    71 | D        | Noticed a bag of meat
    71 | D        | Killed a bag of meat
    71 | D        | Killed a bag of meat
    71 | D        | Killed a tyrant
    72 | D        | Noticed a bag of meat
    72 | D        | Noticed a meat berserker
    72 | D        | Noticed a meat berserker
    72 | D        | Noticed a bag of meat
    72 | D        | Noticed a meat berserker
    72 | D        | Noticed a meat berserker
    72 | D        | Noticed an eight-headed meat hydra
    72 | D        | Noticed a meat berserker
    72 | D        | Noticed a dread
    72 | D        | Killed a bag of meat
    72 | D        | Killed a bag of meat
    72 | D        | Killed a meat beast
    73 | D        | Noticed a dread
    73 | D        | Noticed a bag of meat
    73 | D        | Noticed a bag of meat
    73 | D        | Noticed a meat berserker
    73 | D        | Noticed a meat berserker
    73 | D        | Noticed a meat berserker
    73 | D        | Noticed a dread
    73 | D        | Noticed a meat berserker
    73 | D        | Noticed a meat berserker
    73 | D        | Noticed a bag of meat
    73 | D        | Noticed a sculptor of flesh
    73 | D        | Noticed a destroyer
    74 | D        | Noticed a bag of meat
    74 | D        | Noticed a meat berserker
    74 | D        | Noticed a bag of meat
    74 | D        | Noticed a bag of meat
    74 | D        | Noticed a bag of meat
    74 | D        | Noticed a meat berserker
    74 | D        | Noticed a meat berserker
    74 | D        | Noticed a dread
    74 | D        | Noticed a meat berserker
    74 | D        | Killed a dread
    74 | D        | Killed a bag of meat
    74 | D        | Killed a dread
    74 | D        | Killed a meat beast
    74 | D        | Killed a meat berserker
    74 | D        | Killed a meat berserker
    75 | D        | Noticed a bag of meat
    75 | D        | Noticed a meat berserker
    75 | D        | Noticed a large bag of meat
    75 | D        | Noticed a meat beast
    75 | D        | Killed a meat berserker
    75 | D        | Killed a meat berserker
    75 | D        | Killed a meat berserker
    75 | D        | Killed a meat berserker
    75 | D        | Killed a meat berserker
    76 | D        | Noticed a bag of meat
    76 | D        | Noticed a bag of meat
    76 | D        | Noticed a bag of meat
    76 | D        | Noticed a meat berserker
    76 | D        | Noticed a meat berserker
    76 | D        | Noticed a meat berserker
    76 | D        | Noticed a meat berserker
    76 | D        | Killed a meat berserker
    76 | D        | Killed a meat berserker
    76 | D        | Killed a meat berserker
    76 | D        | Killed a meat berserker
    76 | D        | Killed a meat berserker
    77 | D        | Noticed a bag of meat
    77 | D        | Noticed a meat beast
    77 | D        | Noticed a bag of meat
    77 | D        | Noticed a meat berserker
    77 | D        | Noticed a bag of meat
    77 | D        | Noticed a sculptor of flesh
    77 | D        | Noticed a meat beast
    77 | D        | Noticed a bag of meat
    77 | D        | Noticed a bag of meat
    77 | D        | Noticed a bag of meat
    78 | D        | Noticed a meat berserker
    78 | D        | Noticed a bag of meat
    78 | D        | Noticed a bag of meat
    78 | D        | Noticed a bag of meat
    78 | D        | Killed a meat berserker
    78 | D        | Killed a meat berserker
    78 | D        | Killed a meat berserker
    79 | D        | Noticed a meat berserker
    79 | D        | Noticed a large bag of meat
    79 | D        | Noticed a meat berserker
    79 | D        | Noticed a meat berserker
    79 | D        | Noticed a bag of meat
    79 | D        | Noticed a meat beast
    79 | D        | Noticed a meat beast
    80 | D        | Noticed a bag of meat
    80 | D        | Killed a bag of meat
    80 | D        | Killed a meat berserker
    81 | D        | Noticed a sculptor of flesh
    81 | D        | Noticed a bag of meat
    81 | D        | Noticed a bag of meat
    81 | D        | Noticed a bag of meat
    81 | D        | Noticed a bag of meat
    81 | D        | Killed a bag of meat
    81 | D        | Killed a meat berserker
    81 | D        | Killed a bag of meat
    82 | D        | Noticed a bag of meat
    82 | D        | Noticed a bag of meat
    82 | D        | Noticed a destroyer
    82 | D        | Killed a meat berserker
    82 | D        | Killed a bag of meat
    83 | D        | Noticed a bag of meat
    83 | D        | Noticed a bag of meat
    83 | D        | Noticed a bag of meat
    83 | D        | Noticed a bag of meat
    83 | D        | Noticed a dread
    83 | D        | Killed a meat berserker
    83 | D        | Killed a bag of meat
    83 | D        | Killed a meat berserker
    84 | D        | Noticed a meat beast
    84 | D        | Killed a meat beast
    84 | D        | Killed a meat beast
    85 | D        | Noticed a meat berserker
    85 | D        | Noticed a wretched soul
    85 | D        | Noticed a large bag of meat
    85 | D        | Killed a large bag of meat
    85 | D        | Killed a meat berserker
    85 | D        | Killed a destroyer
    86 | D        | Killed a bag of meat
    86 | D        | Killed a meat berserker
    86 | D        | Killed a meat berserker
    87 | D        | Noticed a bag of meat
    87 | D        | Noticed a bag of meat
    87 | D        | Killed a wretched soul
    87 | D        | Killed a bag of meat
    87 | D        | Killed a bag of meat
    87 | D        | Killed a meat berserker
    88 | D        | Noticed a bag of meat
    88 | D        | Noticed a meat berserker
    88 | D        | Noticed a large bag of meat
    88 | D        | Killed a bag of meat
    88 | D        | Killed a dread
    88 | D        | Killed a meat berserker
    88 | D        | Killed a meat berserker
    89 | D        | Killed a bag of meat
    89 | D        | Killed a meat berserker
    89 | D        | Killed a bag of meat
    89 | D        | Killed a bag of meat
    90 | D        | Noticed a bag of meat
    90 | D        | Noticed a wretched soul
    90 | D        | Noticed a bag of meat
    90 | D        | Killed a bag of meat
    90 | D        | Killed a meat berserker
    90 | D        | Killed a meat berserker
    90 | D        | Killed a bag of meat
    91 | D        | Killed a meat berserker
    92 | D        | Noticed a meat berserker
    92 | D        | Noticed a meat berserker
    92 | D        | Noticed an accursed
    92 | D        | Killed a meat beast
    93 | D        | Killed a meat berserker
    94 | D        | Noticed a bag of meat
    94 | D        | Noticed a destroyer
    94 | D        | Killed a wretched soul
    94 | D        | Killed a meat berserker
    94 | D        | Killed a bag of meat
    95 | D        | Noticed an eight-headed meat hydra
    95 | D        | Killed a meat berserker
    96 | D        | Noticed a bag of meat
    96 | D        | Noticed a meat berserker
    96 | D        | Noticed a wretched soul
    96 | D        | Killed a meat berserker
    97 | D        | Noticed a wretched soul
    97 | D        | Noticed a large bag of meat
    97 | D        | Killed a destroyer
    98 | D        | Noticed an accursed
    98 | D        | Noticed a large bag of meat
    98 | D        | Killed a meat berserker
    99 | D        | Noticed a wretched soul
    99 | D        | Killed a meat berserker
    99 | D        | Killed a meat beast
   100 | D        | Noticed an observer
   100 | D        | Noticed a large bag of meat
   100 | D        | Noticed a meat berserker
   100 | D        | Killed a meat berserker
   100 | D        | Killed a bag of meat
   101 | D        | Killed a meat berserker
   101 | D        | Killed a bag of meat
   101 | D        | Killed a meat berserker
   102 | D        | Noticed a tyrant
   102 | D        | Noticed a meat berserker
   102 | D        | Killed a bag of meat
   103 | D        | Noticed an observer
   103 | D        | Killed a meat berserker
   104 | D        | Noticed an observer
   104 | D        | Killed a meat beast
   104 | D        | Killed a sculptor of flesh
   105 | D        | Killed an accursed
   106 | D        | Noticed an accursed
   106 | D        | Noticed a destroyer
   106 | D        | Killed a wretched soul
   106 | D        | Killed a wretched soul
   107 | D        | Noticed a bag of meat
   107 | D        | Noticed a tyrant
   107 | D        | Noticed a bag of meat
   107 | D        | Noticed an observer
   107 | D        | Killed a dread
   107 | D        | Killed a nine-headed meat hydra
   108 | D        | Killed a meat beast
   108 | D        | Killed a bag of meat
   109 | D        | Noticed a bag of meat
   109 | D        | Noticed a bag of meat
   109 | D        | Noticed a bag of meat
   109 | D        | Noticed a wretched soul
   109 | D        | Killed a wretched soul
   109 | D        | Killed a bag of meat
   110 | D        | Killed a dread
   110 | D        | Killed a meat berserker
   110 | D        | Killed a destroyer
   111 | D        | Noticed a destroyer
   111 | D        | Killed an accursed
   111 | D        | Killed a tyrant
   111 | D        | Killed a bag of meat
   112 | D        | Noticed a meat berserker
   112 | D        | Killed a destroyer
   113 | D        | Noticed a meat beast
   113 | D        | Noticed a bag of meat
   113 | D        | Killed an accursed
   113 | D        | Killed a destroyer
   113 | D        | Killed a meat berserker
   114 | D        | Killed a large bag of meat
   115 | D        | Noticed a wretched soul
   115 | D        | Noticed a wretched soul
   115 | D        | Killed a wretched soul
   115 | D        | Killed a wretched soul
   116 | D        | Killed an observer
   116 | D        | Killed a large bag of meat
   116 | D        | Killed an observer
   117 | D        | Noticed a meat beast
   117 | D        | Killed a meat beast
   117 | D        | Killed a meat beast
   118 | D        | Killed a large bag of meat
   119 | D        | Noticed a large bag of meat
   119 | D        | Noticed a dread
   119 | D        | Noticed a wretched soul
   119 | D        | Killed a bag of meat
   120 | D        | Noticed a bag of meat
   120 | D        | Killed a large bag of meat
   120 | D        | Killed a tyrant
   121 | D        | Killed a bag of meat
   121 | D        | Killed a dread
   122 | D        | Noticed a large bag of meat
   122 | D        | Noticed a bag of meat
   122 | D        | Killed a large bag of meat
   122 | D        | Killed a bag of meat
   123 | D        | Noticed a dread
   123 | D        | Noticed a bag of meat
   123 | D        | Noticed an observer
   123 | D        | Noticed a destroyer
   123 | D        | Killed a bag of meat
   123 | D        | Killed a large bag of meat
   124 | D        | Noticed a meat berserker
   124 | D        | Noticed a fleshlord
   124 | D        | Noticed a wretched soul
   124 | D        | Killed a large bag of meat
   125 | D        | Noticed a fleshlord
   125 | D        | Noticed a bag of meat
   125 | D        | Killed a bag of meat
   125 | D        | Killed a large bag of meat
   126 | D        | Noticed a fleshlord
   126 | D        | Killed a meat berserker
   127 | D        | Noticed an observer
   127 | D        | Killed a bag of meat
   128 | D        | Noticed a wretched soul
   128 | D        | Killed a meat beast
   128 | D        | Killed a wretched soul
   129 | D        | Noticed a bag of meat
   129 | D        | Noticed a fleshlord
   129 | D        | Noticed a destroyer
   129 | D        | Noticed a destroyer
   129 | D        | Killed an observer
   130 | D        | Noticed a tyrant
   130 | D        | Noticed a large bag of meat
   130 | D        | Killed a large bag of meat
   130 | D        | Killed a dread
   130 | D        | Killed a bag of meat
   131 | D        | Noticed a large bag of meat
   131 | D        | Noticed a dread
   131 | D        | Killed an observer
   132 | D        | Noticed a dread
   132 | D        | Killed an observer
   132 | D        | Killed a fleshlord
   133 | D        | Killed a bag of meat
   133 | D        | Killed a fleshlord
   134 | D        | Noticed a fleshlord
   134 | D        | Killed a large bag of meat
   134 | D        | Killed a wretched soul
   135 | D        | Noticed a bag of meat
   135 | D        | Noticed a fleshlord
   135 | D        | Killed a bag of meat
   135 | D        | Killed a destroyer
   136 | D        | Noticed a bag of meat
   136 | D        | Noticed a wretched soul
   136 | D        | Killed a bag of meat
   136 | D        | Killed a bag of meat
   136 | D        | Killed a destroyer
   137 | D        | Noticed a bag of meat
   137 | D        | Killed a bag of meat
   137 | D        | Annihilated by a fleshlord

Vault maps used:
D:        meatsprint

Action                   |  1- 3 |  4- 6 |  7- 9 | 10-12 | 13-15 | 16-18 | 19-21 | 22-24 | 25-27 || total
-------------------------+-------+-------+-------+-------+-------+-------+-------+-------+-------++-------
Melee: Executioner's axe |     1 |       |       |     1 |     4 |     4 |     3 |     6 |    85 ||   104
 Cast: Apportation       |       |       |       |       |       |       |       |       |     1 ||     1
